 Dungeon Crawl Stone Soup version 0.16.1-16-gc44b35d (webtiles) character file.

37 Zwobot the Firebug (level 3, -10/28 HPs)
             Began as a Demigod Wanderer on Apr 17, 2015.
             Mangled by a worm (11 damage)
             ... on level 2 of the Dungeon.
             The game lasted 00:04:01 (1338 turns).

Zwobot the Firebug (Demigod Wanderer)               Turns: 1338, Time: 00:04:01

Health: -10/28     AC:  5    Str: 14    XL:     3   Next: 8%
Magic:  7/7        EV: 12    Int: 16    God:
Gold:   75         SH:  0    Dex: 18    Spells: 2 memorised, 2 levels left

rFire  . . .     SeeInvis .     b - +0 quarterstaff
rCold  . . .     Clarity  .     a - +2 leather armour
rNeg   . . .     SustAb   +     (no shield)
rPois  .         Gourm    .     (no helmet)
rElec  .         Spirit   .     (no cloak)
rCorr  .         Warding  .     (no gloves)
rMut   .         Stasis   .     (no boots)
MR     .....                    (no amulet)
Stlth  +.........               (no ring)
                                (no ring)

@: not resistant to hostile enchantments, very unstealthy
A: sustain abilities
a: no special abilities


You were on level 2 of the Dungeon.
You were not hungry.

You visited 1 branch of the dungeon, and saw 2 of its levels.

You collected 75 gold pieces.

Inventory:

Hand weapons
 b - a +0 quarterstaff (weapon)
 g - a +0 hunting sling
 n - a +3 dagger
Missiles
 h - 18 sling bullets
 k - 7 poisoned needles
Armour
 a - a +2 leather armour (worn)
Scrolls
 l - 2 scrolls of identify {unknown}
Potions
 e - a potion of cancellation {unknown}
 i - a potion of curing {unknown}
 j - a potion of heal wounds {unknown}
 m - 2 potions of might {unknown}
 o - 2 potions of agility {unknown}
Books
 c - the Collected Works on Igneous Attacks

   Spells                             Type                      Level
   a - Flame Tongue                   Conjuration/Fire             1
   b - Throw Flame                    Conjuration/Fire             2
Comestibles
 d - 2 bread rations
 f - a meat ration


   Skills:
 - Level 1.0 Fighting
 + Level 0.5 Staves
 + Level 1.0 Armour
 - Level 1.7 Dodging
   Level 1.7 Shields
 - Level 1.7 Spellcasting
 * Level 1.4 Conjurations
   Level 1.0 Hexes
 + Level 2.3 Fire Magic


You had 2 spell levels left.
You knew the following spells:

 Your Spells              Type           Power        Failure   Level  Hunger
a - Flame Tongue          Conj/Fire      #....        14%         1    ##.....
b - Throw Flame           Conj/Fire      #.....       21%         2    ###....


Dungeon Overview and Level Annotations

Branches:
Dungeon (2/15)


Innate Abilities, Weirdness & Mutations

Your attributes are resistant to harm.


Message History

The worm bites you!
* * * LOW HITPOINT WARNING * * *
You are too injured to fight recklessly!
You are too injured to fight recklessly!
You are too injured to fight recklessly!
You are too injured to fight recklessly!
You are too injured to fight recklessly!
You hit the worm.
The worm is moderately wounded.
You hit the worm but do no damage.
The worm is moderately wounded.
The worm bites you!
* * * LOW HITPOINT WARNING * * *
You thump the worm!
The worm is heavily wounded.
The worm barely misses you.
You sock the worm!
The worm is almost dead.
The worm bites you!
You die...

.......................>###
####.######................
#..#####.########
#........... #.....##.##.#
#.....##.##.# #....<......#
#.#.#.##.#### #.#.#.@w.#
#.#.#....# #=#.####.# #.#..
... .##. ### .


You could see a worm.

Vanquished Creatures
  2 giant cockroaches (D:1)
  4 goblins (D:1)
  7 hobgoblins (D:1)
  7 kobolds
  An ooze (D:1)
  5 bats (D:1)
  5 giant newts
  3 rats (D:1)
34 creatures vanquished.

Notes
Turn   | Place    | Note
--------------------------------------------------------------
     0 | D:1      | Zwobot, the Demigod Wanderer, began the quest for the Orb.
     0 | D:1      | Zwobot set off with: a +2 leather armour, a +0 quarterstaff, the Collected Works on Igneous Attacks, a bread ration
     0 | D:1      | Reached XP level 1. HP: 16/16 MP: 3/3
     0 | D:1      | Identified the Collected Works on Igneous Attacks
     2 | D:1      | Learned a level 1 spell: Flame Tongue
   124 | D:1      | Reached skill level 2 in Fire Magic
   340 | D:1      | Reached XP level 2. HP: 23/23 MP: 4/4
   546 | D:1      | Reached skill level 1 in Conjurations
  1082 | D:1      | Reached XP level 3. HP: 28/28 MP: 7/7
  1204 | D:1      | Learned a level 2 spell: Throw Flame
  1299 | D:2      | Reached skill level 1 in Armour
  1336 | D:2      | HP: 1/28 [worm (7)]
  1338 | D:2      | Mangled by a worm

Action                   || total
-------------------------++-------
Melee: Quarterstaff      ||    75
 Cast: Flame Tongue      ||    11
 Stab: Sleeping          ||     2
  Eat: Chunk             ||     2
